Get step-by-step instructions on how to execute this build order below. Start the game timer, and the build order will tick by so you can play in parallel with StarCraft on a second screen or mobile device.

Game Time

  0:00

Last Step

  N/A

Next Step

  12  0:00  SCV  

Upcoming Step

  13  0:12  SCV  

Don't want to look back and forth between 2 screens? Try out our Overwolf App, the Spawning Tool Build Advisor to get an in-game overlay with this build!

Complete Build Order

  12  0:00  SCV  
  13  0:12  SCV  
  14  0:20  Supply Depot  
  14  0:24  SCV  
  15  0:29  Refinery  
  15  0:42  SCV  
  16  0:46  Barracks  
  16  0:54  SCV  
  17  1:06  SCV  
  18  1:18  SCV  
  19  1:33  Orbital Command, Reaper  
  20  1:47  Command Center  
  20  1:59  Factory  
  20  2:01  SCV  
  20  2:07  Refinery  
  21  2:09  Barracks Reactor  
  21  2:15  SCV  
  22  2:22  Supply Depot  
  22  2:27  SCV  
  23  2:44  SCV  
  24  2:52  Hellion x2  
  24  2:53  Factory  
  24  2:56  SCV  
  29  3:00  Orbital Command  
  29  3:04  Barracks Tech Lab  
  29  3:08  SCV  
  30  3:17  Hellion  
  30  3:18  Hellion  
  34  3:20  SCV  
  35  3:28  SCV  
  35  3:32  SCV  
  37  3:42  Mag-Field Accelerator, Cyclone  
  37  3:43  SCV  
  37  3:44  SCV  
  42  3:52  Supply Depot  
  42  3:53  Supply Depot  
  42  3:55  SCV  
  42  3:56  SCV  
  44  4:08  Factory x2  
  44  4:10  SCV x2  
  46  4:18  Factory  
  46  4:22  SCV x2  
  48  4:26  Refinery  
  48  4:27  Refinery  
  48  4:34  SCV x2, Cyclone  
  52  4:46  SCV  
  52  4:50  SCV  
  54  4:54  Factory Tech Lab x2  
  54  4:58  SCV  
  55  5:02  Factory Reactor  
  55  5:04  Hellion x2  
  55  5:06  SCV  
  60  5:10  SCV  
  61  5:14  Cyclone  
  64  5:21  Infernal Pre-Igniter  
  64  5:22  SCV  
  64  5:24  Cyclone  
  68  5:30  Cyclone  
  71  5:36  Hellion x2  
  71  5:38  Hellion  
  71  5:39  Hellion  
  79  5:43  Supply Depot  
  79  5:57  Cyclone x2  
  85  6:05  Supply Depot, Cyclone  
  85  6:09  Supply Depot  
  88  6:11  Supply Depot  
  88  6:29  Cyclone x2  
  88  6:30  Hellion x2  
  88  6:31  Hellion  
  100  6:37  Cyclone  
  101  6:43  Hellion  
  101  6:52  Hellion  
  103  6:59  Hellion x2  
  105  7:01  Cyclone x2  
  107  7:09  Cyclone  
  106  7:18  Hellion x2